 Dungeon Crawl Stone Soup version 0.30-b1-2-g02819fbbbe (webtiles) character file.

Game seed: 10876037590221651668

246 Alarkh the Shooter (level 5, -4/41 HPs)
             Began as a Demonspawn Hunter on May 23, 2023.
             Slain by an ice beast (8 damage)
             ... on level 3 of the Dungeon.
             The game lasted 00:04:45 (2894 turns).

Alarkh the Shooter (Demonspawn Hunter)              Turns: 2894, Time: 00:04:46

Health: -4/41      AC:  2    Str: 11    XL:     5   Next: 84%
Magic:  5/5        EV: 12    Int: 12    God:
Gold:   91         SH:  0    Dex: 17    Spells: 4/4 levels left

rFire   . . .        a - +1 shortbow
rCold   . . .        (shield currently unavailable)
rNeg    . . .        c - +0 leather armour
rPois   .            (no helmet)
rElec   .            f - +0 cloak
rCorr   .            (no gloves)
SInv    .            (no boots)
Will    +....        (no amulet)
Stlth   ++           (no ring)
HPRegen 0.26/turn    (no ring)
MPRegen 0.09/turn

%: no passive effects
@: no status effects
A: claws 2, deformed body, strong-willed 1
a: no special abilities


You were on level 3 of the Dungeon.
You visited 1 branch of the dungeon, and saw 4 of its levels.

You collected 91 gold pieces.

Inventory:

Hand Weapons
 a - a +1 shortbow (weapon)
Armour
 c - a +0 leather armour (worn)
 f - a +0 cloak (worn)
 h - a +2 kite shield
 l - an orb of wrath
Scrolls
 b - a scroll of immolation
 g - a scroll of brand weapon {unknown}
 j - a scroll of poison {unknown}
 k - a scroll of enchant armour
 r - a scroll of identify


   Skills:
 + Level 3.1 Fighting
 * Level 5.2 Ranged Weapons
 - Level 1.7 Dodging
 - Level 0.8 Stealth
 * Level 2.9 Unarmed Combat


You had 4 spell levels left.
You didn't know any spells.
Your spell library was empty.

Dungeon Overview and Level Annotations

Branches:
Dungeon (4/15)
 Temple: D:4-7

Altars:

Annotations:
D:2 1 runed translucent door, Crazy Yiuf


Innate Abilities, Weirdness & Mutations

You have very sharp fingernails.
Armour fits poorly on your strangely shaped body.
You are strong-willed. (Will+)


Message History

The ice beast is lightly wounded.
You shoot an arrow. The arrow hits the ice beast!
The ice beast is moderately wounded.
You shoot an arrow. The arrow hits the ice beast.
The ice beast is heavily wounded.
The ice beast hits you. The ice beast freezes you!
You shoot an arrow.
The arrow hits the ice beast but does no damage.
The ice beast is heavily wounded.
The ice beast closely misses you.
You shoot an arrow.
The arrow hits the ice beast but does no damage.
The ice beast is heavily wounded.
The ice beast hits you. The ice beast freezes you!
You are too injured to fight recklessly!
You shoot an arrow. The arrow hits the ice beast!
The ice beast is severely wounded.
The ice beast barely misses you.
The ice beast hits you but does no damage.
You shoot an arrow. The arrow closely misses the ice beast.
The ice beast barely misses you.
You shoot an arrow. The arrow hits the ice beast.
The ice beast is almost dead.
The ice beast barely misses you.
You shoot an arrow. The arrow hits the ice beast.
The ice beast is almost dead.
The ice beast barely misses you.
The ice beast hits you but does no damage.
You shoot an arrow.
The arrow hits the ice beast but does no damage.
The ice beast is almost dead.
The ice beast hits you. The ice beast freezes you!
* * * LOW HITPOINT WARNING * * *
You shoot an arrow.
The arrow hits the ice beast but does no damage.
The ice beast is almost dead.
The ice beast hits you.
* * * LOW HITPOINT WARNING * * *
The ice beast freezes you!
You die...

#...............# #......##..)...
#.....).........# #......##...Y##
#...............# #......##......
#.....###.......###......+Y......
...#### #..[......#......###Y..##
...#.# #.......#.####.#.......#*
...#.####.......#.####.#.####..##
.>.....................#.........
...#............@Y..........#.)..
..[...............###..#.##...###
..............................>..
...#.#.........##.#####..##.#..##
...#.#.###......#.######..#.#....
...#.#.# #..............#.#.##.##
...#.#.###....[.#.###.#..........
###.............#.# #....#.......
# #...###.####<...# #.##.#..#...#


You could see an ice beast.

Vanquished Creatures
  A bullfrog (D:4)
  Terence (D:2)
  Natasha (thrice) (D:3)
  An adder (D:3)
  An ufetubus (D:4)
  2 dart slugs
  6 ball pythons
  5 endoplasms
  4 giant cockroaches
  5 goblins
  7 hobgoblins
  5 jackals
  A quokka (D:3)
  4 bats
  6 frilled lizards
  7 kobolds
  2 rats
61 creatures vanquished.

Notes
Turn   | Place    | Note
-------+----------+-------------------------------------------
     0 | D:1      | Alarkh the Demonspawn Hunter began the quest for the Orb.
     0 | D:1      | Reached XP level 1. HP: 16/16 MP: 1/1
   121 | D:1      | Reached skill level 4 in Ranged Weapons
   125 | D:1      | Gained mutation: You have sharp fingernails. [demonic
                  | ancestry]
   125 | D:1      | Reached XP level 2. HP: 22/22 MP: 2/2
   128 | D:1      | Found a faded altar of an unknown god.
   839 | D:2      | Noticed Terence
   853 | D:2      | Killed Terence
   854 | D:2      | Reached skill level 1 in Unarmed Combat
   854 | D:2      | Reached XP level 3. HP: 9/27 MP: 3/3
  1134 | D:2      | Found a runed translucent door.
  1135 | D:2      | Noticed Crazy Yiuf
  1390 | D:2      | Reached XP level 4. HP: 34/34 MP: 4/4
  1681 | D:3      | Noticed an ice beast
  1943 | D:3      | Noticed Natasha
  1951 | D:3      | Killed Natasha
  2143 | D:3      | Noticed Natasha
  2147 | D:3      | Killed Natasha
  2147 | D:3      | Noticed Natasha
  2155 | D:3      | Killed Natasha
  2156 | D:3      | Reached XP level 5. HP: 32/40 MP: 5/5
  2554 | D:4      | Noticed an ice beast
  2559 | D:4      | Gained mutation: Armour fits poorly on your strangely
                  | shaped body. [potion of mutation]
  2559 | D:4      | Gained mutation: You have very sharp fingernails. [potion
                  | of mutation]
  2559 | D:4      | Gained mutation: You are strong-willed. (Will+) [potion of
                  | mutation]
  2568 | D:4      | Reached skill level 5 in Ranged Weapons
  2894 | D:3      | Slain by an ice beast

Illustrated notes

Levels and vault maps discovered:
D:1:      dpeg_arrival_rhombus, layout_loops_ring,
          hellmonk_ecumenical_altar_inner_sanctum,
          nicolae_concentric_dashed_squares_mild
D:2:      layout_basic, minmay_misc_feat_x, interstate_on_off, uniq_terence,
          uniq_crazy_yiuf_cottage
D:3:      layout_basic, uniq_natasha
D:4:      nicolae_cairo_tiling, layout_basic, minmay_fractal_squares_diagonal_5,
          uniq_sigmund

Skill      XL: |  1  2  3  4  5 |
---------------+----------------+-----
Ranged Weapons | 4 5 |  5.2
Unarmed Combat | 1 2 |  2.9
Fighting       | 3 |  3.1
Dodging        | |  1.7
Stealth        | |  0.8

Action                     |  1- 3 |  4- 6 || total
---------------------------+-------+-------++-------
   Fire: Shortbow          |   100 |    98 ||   198
    Use: Potion            |     1 |     2 ||     3
         Scroll            |       |     4 ||     4
 Armour: Leather armour    |     9 |    28 ||    37
  Dodge: Dodged            |    26 |    49 ||    75
